 Dungeon Crawl Stone Soup version 0.32-a0-933-ga8fa3634e4 (webtiles) character file.

Game seed: 16459898918461319572

6616 Cancer the Destroyer (level 11, -12/56 (61) HPs)
             Began as a Tengu Conjurer on Apr 14, 2024.
             Was a Priest of Vehumet.
             Killed by vampiric draining
             ... invoked by Josephine
              (20 damage)
             ... on level 9 of the Dungeon.
             The game lasted 00:38:11 (9941 turns).

Cancer the Destroyer (Tengu Conjurer)               Turns: 9941, Time: 00:38:12

HP:   -12/56 (61)   AC:  9    Str:  7    XL:     11   Next: 2%
MP:   0/24          EV: 15    Int: 23    God:    Vehumet [***...]
Gold: 498           SH:  0    Dex: 16    Spells: 20/27 levels left

rFire   . . .        J - +6 dagger of Doshraiva {heavy, rElec Dex+3}
rCold   . . .        (no shield)
rNeg    . . .        l - +2 leather armour {rPois}
rPois   +            F - +1 hat
rElec   +            G - +1 cloak
rCorr   .            (no gloves)
SInv    .            (boots unavailable)
Will    .....        (no amulet)
Stlth   +++          (no ring)
HPRegen 0.29/turn    (no ring)
MPRegen 0.19/turn

%: acrobat
@: flying, drained
A: beak, talons 3, evasive flight, acrobatic
a: Renounce Religion


You were on level 9 of the Dungeon.
You worshipped Vehumet.
Vehumet was most pleased with you.
You visited 2 branches of the dungeon, and saw 11 of its levels.

You collected 498 gold pieces.

Inventory:

Hand Weapons
 d - a +2 dagger of speed
 J - the +6 dagger of Doshraiva (weapon) {heavy, rElec Dex+3}
   (You found it on level 8 of the Dungeon)

   Dex+3:     It affects your dexterity (+3).
   rElec:     It insulates you from electricity.
 L - a +1 hand axe of electrocution
Armour
 a - a +0 tower shield
 i - an orb of wrath
 l - a +2 leather armour of poison resistance (worn)
 q - an orb of energy
 t - a +1 robe of resistance
 A - a +2 chain mail of poison resistance
 F - a +1 hat (worn)
 G - a +1 cloak (worn)
 K - the +0 robe "Mextamy" {rElec Dex+3}
   (You found it on level 8 of the Dungeon)

   Dex+3:     It affects your dexterity (+3).
   rElec:     It insulates you from electricity.
 P - a scarf of repulsion
Magical Staves
 D - a staff of death
Jewellery
 n - a ring of ice
 O - a ring of ice
Wands
 k - a wand of acid (9)
 m - a wand of polymorph (14)
 o - a wand of mindburst (38)
 w - a wand of flame (34)
 H - a wand of digging (4)
Scrolls
 c - 4 scrolls of identify
 j - a scroll of amnesia {unknown}
 p - 2 scrolls of enchant weapon {unknown}
 s - 2 scrolls of silence {unknown}
 u - 3 scrolls of fear
 x - 3 scrolls of enchant armour
 y - a scroll of summoning {unknown}
 B - a scroll of fog {unknown}
 C - 2 scrolls of poison {unknown}
 E - a scroll of immolation {unknown}
 I - 5 scrolls of teleportation
 N - a scroll of brand weapon {unknown}
Potions
 b - a potion of magic
 e - 3 potions of lignification {unknown}
 f - 6 potions of curing
 g - 2 potions of heal wounds {unknown}
 h - a potion of invisibility {unknown}
 r - a potion of brilliance {unknown}
 v - a potion of mutation {unknown}
 z - 2 potions of cancellation {unknown}
 M - 2 potions of degeneration {unknown}


   Skills:
 - Level 4.0 Fighting
 - Level 6.0 Armour
 - Level 2.1 Dodging
 - Level 6.0 Stealth
 + Level 8.8 Spellcasting
 + Level 13.1 Conjurations
 - Level 4.0 Alchemy


You had 20 spell levels left.
You knew the following spells:

 Your Spells              Type           Power      Damage    Failure   Level
a - Magic Dart            Conj           100%       1d8       1%          1
b - Searing Ray           Conj           100%       2d8       1%          2
c - Fulminant Prism       Conj/Alch      24%        3d12      1%          4

Your spell library contained the following spells:

 Spells                   Type           Power      Damage    Failure   Level
 Frozen Ramparts          Ice            20%        1d4       7%          3
 Stone Arrow              Conj/Erth      80%        3d12      1%          3
 Iskenderun's Mystic Bla Conj/Tloc 40%            2d9        (+2d5     1%          4
 Cigotuvi's Dreadful Rot  Necr/Alch/Air  32%        N/A       8%          2
 Ignite Poison            Fire/Alch      19%        N/A       11%         4
 Sticky Flame             Fire/Alch      19%        2d6       11%         4
 Freezing Cloud           Conj/Ice/Air   15%        6-21      11%         5
 Animate Armour           Summ/Erth      20%        N/A       65%         4
 Dispel Undead            Necr           10%        3d9       65%         4
 Martyr's Knell           Necr/Summ      10%        N/A       65%         4
 Ignition                 Fire           5%         3d4       100%        8
 Lehudib's Crystal Spear  Conj/Erth      20%        10d6      100%        8


Dungeon Overview and Level Annotations

Branches:
Dungeon (10/15)            Temple (1/1) D:4             Orc (0/2) D:10
   Lair: D:8-11

Altars:
Ashenzari
Cheibriados
Dithmenos
Elyvilon
Fedhas
Gozag
Hepliaklqana
Kikubaaqudgha
Makhleb
Nemelex Xobeh
Okawaru
Qazlal
Ru
Sif Muna
Trog
Uskayaw
Vehumet
Wu Jian
Xom
Yredelemnul
Zin
The Shining One

Shops:
D:6 *

Annotations:
D:1 wall
D:9 Josephine


Innate Abilities, Weirdness & Mutations

You have a beak for a mouth.
You have claws for feet.
Your magical flight helps you evade attacks. (EV +4)
You can magically evade attacks while moving or waiting.


Message History

The blast of energy engulfs Josephine!!
Josephine is severely wounded.
The searing ray hits Josephine.
Josephine is severely wounded.
The searing ray hits Josephine!
Josephine is almost dead.
You finish channelling your searing ray.
Josephine draws life force from you!
Josephine is healed by the life force!
Josephine hits you with a +0 dagger.
You fly upwards.
There is a stone staircase leading down here.
You puncture Josephine! You peck Josephine, but do no damage.
Josephine is almost dead.
Josephine misses you.
Josephine gestures at you while chanting.
The ghostly flame explodes!
The ghostly fireball engulfs you!!
You feel drained.
The ghostly fireball engulfs Josephine.
Josephine completely resists.
Unknown command.
Casting: Searing Ray (safe; 1% risk of failure)
Confirm with . or Enter, or press ? or * to list all spells.
Aiming: Searing Ray (safe; 1% risk of failure)
Press: ? - help, Shift-Dir - straight line, f - Josephine
Aim: Josephine, wielding a +0 dagger and wearing a +2 robe of cold resistance (almost dead, 83% to hit)
The searing ray misses Josephine. (Press . to maintain the ray.) Josephine completely misses you.
Unknown command.
The searing ray hits Josephine.
Josephine is almost dead.
Josephine barely misses you.
Without enough magic to sustain it, your searing ray dissipates.
Josephine draws life force from you!!
* * * LOW HITPOINT WARNING * * *
Josephine is healed by the life force!
You closely miss Josephine. You claw Josephine, but do no damage.
Your peck misses Josephine.
Josephine is severely wounded.
Josephine draws life force from you!!
You die...

#.........###.# #.....
#.)........##.# #.....
#.............# ##...#
###.........#.######...#
#...............##...#
##.##............'...+
#.##..#..#.###.##...#
#.....#..#.....######
####@@.........######
#.#......#........
#.#..........#####
#.###.#.....######
#.....#...........
#######....#...##.
#....#...##.
#####........##.
#...'..)...#.##.


You could see Josephine.

Vanquished Creatures
  Maurice (D:10)
  A kobold demonologist (D:10)
  A troll (D:10)
  2 wraiths (D:10)
  13 yaks
  A steam dragon (D:8)
  Menkaure (D:6)
  An acid dragon (D:9)
  Duvessa (D:4)
  2 water moccasins (D:6)
  4 orc warriors
  A sky beast (D:6)
  2 ogres
  A centaur (D:8)
  2 phantoms
  2 kobold brigands
  Blork the orc (D:4)
  2 bullfrogs (D:8)
  A gnoll sergeant (D:7)
  2 scorpions
  Dowan (D:4)
  12 killer bees
  4 howler monkeys
  2 bombardier beetles
  4 hounds (D:5)
  A gnoll bouda (D:7)
  2 orc priests
  2 jellies
  3 iguanas
  3 orc wizards
  17 gnolls
  5 adders
  A shadow imp (D:6)
  2 ribbon worms (D:2)
  30 orcs
  4 bats
  5 endoplasms
  2 giant cockroaches
  6 goblins
  6 hobgoblins
  13 jackals
  11 kobolds
  8 quokkas
  5 ball pythons
  2 frilled lizards (D:2)
  6 rats
199 creatures vanquished.

Vanquished Creatures (others)
  An orc (D:8)
  A kobold (D:8)
  20 fulminant prisms
22 creatures vanquished.

Grand Total: 221 creatures vanquished

Notes
Turn   | Place    | Note
-------+----------+-------------------------------------------
     0 | D:1      | Cancer the Tengu Conjurer began the quest for the Orb.
     0 | D:1      | Reached XP level 1. HP: 10/10 MP: 4/4
   255 | D:1      | Reached XP level 2. HP: 15/15 MP: 3/6
   906 | D:2      | Reached XP level 3. HP: 19/19 MP: 5/7
   970 | D:2      | Reached skill level 6 in Conjurations
  1053 | D:2      | Learned a level 2 spell: Searing Ray
  1173 | D:2      | Reached XP level 4. HP: 23/24 MP: 1/9
  1496 | D:2      | You fall into a shaft and drop 2 floors!
  1636 | D:4      | Found an opulent altar of Gozag.
  1733 | D:4      | Noticed a scorpion
  1746 | D:4      | Killed a scorpion
  1747 | D:4      | Reached skill level 1 in Armour
  1747 | D:4      | Reached XP level 5. HP: 26/28 MP: 1/11
  1863 | D:4      | Found a staircase to the Ecumenical Temple.
  1873 | Temple   | Found a transporter.
  1873 | Temple   | Found a transporter.
  1873 | Temple   | Found a transporter.
  1873 | Temple   | Found a transporter.
  1873 | Temple   | Entered the Ecumenical Temple
  1894 | Temple   | Became a worshipper of Vehumet
  1976 | D:4      | Reached skill level 7 in Conjurations
  1981 | D:4      | Noticed Duvessa
  1982 | D:4      | Noticed Dowan
  2180 | D:3      | Reached XP level 6. HP: 32/32 MP: 2/12
  3079 | D:2      | Reached * piety under Vehumet
  3079 | D:2      | Offered knowledge of Sting by Vehumet.
  3728 | D:4      | Found a glowing silver altar of Zin.
  3890 | D:4      | Noticed Blork the orc
  3898 | D:4      | Killed Blork the orc
  3899 | D:4      | Gained mutation: Your magical flight helps you evade
                  | attacks. (EV +4) [Tengu growth]
  3899 | D:4      | Reached XP level 7. HP: 24/36 MP: 3/14
  4044 | D:4      | Killed Duvessa
  4045 | D:4      | Reached skill level 8 in Conjurations
  4048 | D:4      | Killed Dowan
  4316 | D:5      | Entered Level 5 of the Dungeon
  4538 | D:5      | Reached skill level 1 in Fighting
  4742 | D:5      | Reached skill level 5 in Spellcasting
  4742 | D:5      | Reached XP level 8. HP: 43/43 MP: 13/16
  5204 | D:6      | Found Giedeunn's Assorted Antiques.
  5322 | D:6      | Reached skill level 9 in Conjurations
  5322 | D:6      | Reached skill level 1 in Alchemy
  5400 | D:6      | Found a hazy altar of Hepliaklqana.
  5476 | D:6      | Found a broken altar of Ashenzari.
  5610 | D:6      | Found an ornate altar of the Wu Jian Council.
  5962 | D:6      | Noticed Menkaure
  5964 | D:6      | Killed Menkaure
  6103 | D:7      | Reached XP level 9. HP: 49/49 MP: 19/19
  6122 | D:7      | Offered knowledge of Sandblast by Vehumet.
  6125 | D:7      | Reached ** piety under Vehumet
  6126 | D:7      | Reached skill level 10 in Conjurations
  6944 | D:8      | Learned a level 4 spell: Fulminant Prism
  7671 | D:8      | Identified the +0 robe "Mextamy" {rElec Dex+3}
  7923 | D:8      | Identified the +6 dagger of Doshraiva {heavy, rElec Dex+3}
  8064 | D:8      | Upgraded the game from 0.32-a0-931-g5a2cda0630 to
                  | 0.32-a0-933-ga8fa3634e4
  8077 | D:9      | Reached skill level 5 in Armour
  8077 | D:9      | Reached skill level 5 in Stealth
  8094 | D:9      | Reached XP level 10. HP: 47/56 MP: 12/21
  8290 | D:9      | Reached skill level 11 in Conjurations
  8290 | D:9      | Offered knowledge of Momentum Strike by Vehumet.
  8429 | D:9      | Found a sparkling altar of Nemelex Xobeh.
  8531 | D:9      | Found a snail-covered altar of Cheibriados.
  8647 | D:9      | Found a blossoming altar of Fedhas.
  8732 | D:9      | Found a stormy altar of Qazlal.
  8865 | D:10     | Entered Level 10 of the Dungeon
  8866 | D:10     | Found a sacrificial altar of Ru.
  8921 | D:10     | Found a staircase to the Orcish Mines.
  8934 | D:10     | Reached *** piety under Vehumet
  9425 | D:10     | Found a shimmering blue altar of Sif Muna.
  9547 | D:10     | Reached skill level 12 in Conjurations
  9594 | D:10     | Noticed Maurice
  9610 | D:10     | Noticed a kobold demonologist
  9619 | D:10     | Killed a kobold demonologist
  9685 | D:10     | Maurice stole 477 gold
  9688 | D:10     | Killed Maurice
  9731 | D:10     | Offered knowledge of Frozen Ramparts by Vehumet.
  9732 | D:10     | Reached skill level 13 in Conjurations
  9732 | D:10     | Reached XP level 11. HP: 54/61 MP: 8/24
  9874 | D:10     | Noticed Josephine
  9941 | D:9      | Killed from afar by Josephine

Illustrated notes

Levels and vault maps discovered:
D:1:      dpeg_arrival_connections, layout_basic, interstate_on_off,
          minmay_surrounded
D:2:      layout_basic
D:3:      layout_basic
D:4:      layout_rooms, amcnicky_altar_gilded, mainiacjoe_overflow_alcove_4,
          minmay_temple_entry_glass, serial_library_hellmonk_small_alcove,
          corexii_hall_statues_i, minmay_misc_feat_four_crosses, st_stairs_13,
          uniq_blork_the_orc, uniq_duvessa
D:5:      layout_gridville, grunt_ministairs_7, minivault_11
D:6:      layout_loops_cross, mainiacjoe_overflow_concentric_impassable,
          mainiacjoe_overflow_chevrons, cheibrodos_ashenzari_chains,
          serial_shops, shop, uniq_menkaure
D:7:      layout_basic
D:8:      layout_gridville
D:9:      layout_basic, nemelex_xobeh_ov_fountains_minmay,
          nicolae_overflow_hidden_temple, grunt_temple_overflow_forces_of_nature
D:10:     layout_loops_corners, nicolae_ru_awakened_eye, old_standard_altar,
          david_orc_2, uniq_maurice, uniq_josephine
Temple:   hellmonk_temple_divided_pantheon

Skill      XL: |  1  2  3  4  5  6  7  8  9 10 |
---------------+-------------------------------+-----
Conjurations   | 6 7 8 9 10 13 | 13.1
Spellcasting   | 3 4 5 6 7 8 |  8.8
Armour         | 1 2 3 4 5 6 |  6.0
Fighting       | 1 2 4 |  4.0
Stealth        | 4 5 6 |  6.0
Alchemy        | 2 3 4 |  4.0
Dodging        | |  2.1

Action                     |  1- 3 |  4- 6 |  7- 9 | 10-12 || total
---------------------------+-------+-------+-------+-------++-------
  Melee: Unarmed           |    19 |       |       |       ||    19
         Peck              |     4 |     3 |     6 |     8 ||    21
         Kick              |     5 |     5 |    10 |    10 ||    30
         Spear             |     4 |    20 |     3 |       ||    27
         Flail             |       |       |    11 |       ||    11
         Dagger            |       |       |    17 |    27 ||    44
   Cast: Magic Dart        |    42 |    78 |    52 |     1 ||   173
         Searing Ray       |     2 |    11 |    50 |    22 ||    85
         Fulminant Prism   |       |       |     4 |    16 ||    20
    Use: Scroll            |       |       |     4 |       ||     4
   Stab: Sleeping          |       |       |     1 |       ||     1
 Armour: Robe              |    15 |     7 |       |       ||    22
         Leather armour    |       |    14 |    58 |    45 ||   117
  Dodge: Dodged            |    24 |    38 |   110 |    98 ||   270

Table legend: (Time is in decaauts)
 A = Elapsed time spent in this place.
 B = Non-inter-level travel time spent in this place.
 C = Inter-level travel time spent in this place.
 D = Time resting spent in this place.
 E = Time spent auto-exploring this place.
 F = Levels seen in this place.
 G = Mean time per level.
                   A        B        C        D        E       F      G
               +--------+--------+--------+--------+--------+-----+--------+
         Total |   9968 |   8904 |   1064 |    663 |   6052 |  11 |  906.2 |
       Dungeon |   9929 |   8893 |   1036 |    663 |   6052 |  10 |  992.9 |
        Temple |     38 |     10 |     28 |      0 |      0 |   1 |   38.0 |
               +--------+--------+--------+--------+--------+-----+--------+

Top non-repeatable levels by time:
     D:2: 1670 daAuts
     D:8: 1160 daAuts
     D:9: 1120 daAuts
     D:4: 1063 daAuts
     D:6: 1033 daAuts
     D:1: 879 daAuts
     D:5: 863 daAuts
    D:10: 726 daAuts
     D:3: 711 daAuts
     D:7: 700 daAuts
  Temple: 38 daAuts
